| TOP OF THE 1ST |
|
Greensboro Grasshoppers batting - Pitching for Dayton Dragons : RHP Angel Cerros
|
|
Pitching: RHP Angel Cerros
|
|
|
Batting: RHB Harrie de Kam
|
0-0: Fly out, F8 (Flyball, 89M, EV 85.6 MPH)
|
|
Batting: RHB Andy Kelly
|
0-0: Ball 1-0: Called Strike 1-1: Ball 2-1: Ground out 1-3 (Groundball, 34S, EV 69.4 MPH)
|
|
Batting: LHB Angelo Estrella
|
0-0: Ball 1-0: Ball 2-0: Ball 3-0: Swinging Strike 3-1: Called Strike 3-2: Strikes out swinging
|
| Top of the 1st over - 0 runs, 0 hits, 0 errors, 0 left on base; Greensboro 0 - Dayton 0 |
| BOTTOM OF THE 1ST |
|
Dayton Dragons batting - Pitching for Greensboro Grasshoppers : RHP Alfonso Mier
|
|
Pitching: RHP Alfonso Mier
|
|
|
Batting: RHB Danny Real
|
0-0: Ball 1-0: Ball 2-0: Ball 3-0: Called Strike 3-1: Called Strike 3-2: Foul Ball, location: 2F 3-2: Fly out, F8 (Line Drive, 8LM, EV 88.8 MPH)
|
|
Batting: RHB Randy Grewe
|
0-0: Called Strike 0-1: Ball 1-1: Ground out 6-3 (Groundball, 6, EV 108.8 MPH)
|
|
Batting: RHB Mark Williams
|
0-0: Ground out 4-3 (Groundball, 4, EV 109.4 MPH)
|
| Bottom of the 1st over - 0 runs, 0 hits, 0 errors, 0 left on base; Greensboro 0 - Dayton 0 |
| TOP OF THE 2ND |
|
Greensboro Grasshoppers batting - Pitching for Dayton Dragons : RHP Angel Cerros
|
|
Batting: RHB Miguel Velasco
|
0-0: Swinging Strike 0-1: Fly out, F8 (Flyball, 8LM, EV 93.1 MPH)
|
|
Batting: LHB Ryan Thompson
|
0-0: Called Strike 0-1: Ball 1-1: Ball 2-1: Foul Ball, location: 2F 2-2: Foul Ball, location: 2F 2-2: Foul Ball, location: 2F 2-2: Ball 3-2: SINGLE (Groundball, 15S, EV 68.1 MPH) (infield hit)
|
|
Batting: RHB J.D. Vander Klok
|
0-0: Called Strike 0-1: Ball 1-1: Ball 2-1: Called Strike 2-2: Ball 3-2: Foul Ball, location: 2F 3-2: Foul Ball, location: 2F 3-2: Strikes out swinging
|
|
Batting: RHB Jason Thrash
|
0-0: Ball 1-0: Ball 2-0: Ground out 5-3 (Groundball, 56S, EV 82.5 MPH)
|
| Top of the 2nd over - 0 runs, 1 hit, 0 errors, 1 left on base; Greensboro 0 - Dayton 0 |
| BOTTOM OF THE 2ND |
|
Dayton Dragons batting - Pitching for Greensboro Grasshoppers : RHP Alfonso Mier
|
|
Batting: LHB Keith Egan
|
0-0: Called Strike 0-1: Ball 1-1: Called Strike 1-2: Ball 2-2: Foul Ball, location: 2F 2-2: Strikes out swinging
|
|
Batting: SHB Tim Utz
|
0-0: Called Strike 0-1: Ground out 3-1 (Groundball, 34, EV 96.2 MPH)
|
|
Batting: RHB Frank Moron
|
0-0: Foul Ball, location: 2F 0-1: Swinging Strike 0-2: Foul Ball, location: 2F 0-2: Ball 1-2: Ball 2-2: Strikes out swinging
|
| Bottom of the 2nd over - 0 runs, 0 hits, 0 errors, 0 left on base; Greensboro 0 - Dayton 0 |
| TOP OF THE 3RD |
|
Greensboro Grasshoppers batting - Pitching for Dayton Dragons : RHP Angel Cerros
|
|
Batting: RHB Hiromitsu Yamada
|
0-0: Swinging Strike 0-1: Swinging Strike 0-2: Strikes out swinging
|
|
Batting: RHB Wei-guo Tsu
|
0-0: Ball 1-0: Called Strike 1-1: Fly out, F7 (Flyball, 7S, EV 93.8 MPH)
|
|
Batting: RHB Harrie de Kam
|
0-0: Called Strike 0-1: Ball 1-1: Foul Ball, location: 2F 1-2: Ball 2-2: Fly out, F8 (Flyball, 8LXD, EV 105.0 MPH)
|
| Top of the 3rd over - 0 runs, 0 hits, 0 errors, 0 left on base; Greensboro 0 - Dayton 0 |
| BOTTOM OF THE 3RD |
|
Dayton Dragons batting - Pitching for Greensboro Grasshoppers : RHP Alfonso Mier
|
|
Batting: RHB Kevin Larner
|
0-0: Ground out 6-3 (Groundball, 6, EV 86.2 MPH)
|
|
Batting: RHB R.J. Romberg
|
0-0: Called Strike 0-1: Ball 1-1: Ball 2-1: Foul Ball, location: 2F 2-2: Ball 3-2: Base on Balls
|
|
Batting: RHB Cyd Carver
|
0-0: Ball 1-0: Fielders Choice at 2nd, 6-4 (Groundball, 6, EV 79.4 MPH)
|
|
Batting: RHB Danny Real
|
0-0: Fly out, F7 (Line Drive, 78M, EV 106.2 MPH)
|
| Bottom of the 3rd over - 0 runs, 0 hits, 0 errors, 1 left on base; Greensboro 0 - Dayton 0 |
| TOP OF THE 4TH |
|
Greensboro Grasshoppers batting - Pitching for Dayton Dragons : RHP Angel Cerros
|
|
Batting: RHB Andy Kelly
|
0-0: Ball 1-0: Ball 2-0: Called Strike 2-1: Ball 3-1: Ground out 6-3 (Groundball, 6, EV 87.5 MPH)
|
|
Batting: LHB Angelo Estrella
|
0-0: Foul Ball, location: 2F 0-1: Ball 1-1: Called Strike 1-2: SOLO HOME RUN (Flyball, 78XD, EV 99.4 MPH), Distance : 396 ft
|
|
Batting: RHB Miguel Velasco
|
0-0: Ball 1-0: Ball 2-0: Called Strike 2-1: Swinging Strike 2-2: Ball 3-2: Ground out 3-1 (Groundball, 13, EV 83.8 MPH)
|
|
Batting: LHB Ryan Thompson
|
0-0: Called Strike 0-1: Ball 1-1: Called Strike 1-2: Ball 2-2: Fly out, F7 (Flyball, 7, EV 96.2 MPH)
|
| Top of the 4th over - 1 run, 1 hit, 0 errors, 0 left on base; Greensboro 1 - Dayton 0 |
| BOTTOM OF THE 4TH |
|
Dayton Dragons batting - Pitching for Greensboro Grasshoppers : RHP Alfonso Mier
|
|
Batting: RHB Randy Grewe
|
0-0: Swinging Strike 0-1: Ball 1-1: Ball 2-1: Ball 3-1: Base on Balls
|
|
Batting: RHB Mark Williams
|
0-0: Called Strike Randy Grewe is caught stealing 2nd base 2-4 0-1: Ball 1-1: Foul Ball, location: 2F 1-2: Strikes out swinging
|
|
Batting: LHB Keith Egan
|
0-0: Ball 1-0: Ball 2-0: Swinging Strike 2-1: Foul Ball, location: 2F 2-2: Foul Ball, location: 2F 2-2: Ball 3-2: Strikes out looking
|
| Bottom of the 4th over - 0 runs, 0 hits, 0 errors, 0 left on base; Greensboro 1 - Dayton 0 |
| TOP OF THE 5TH |
|
Greensboro Grasshoppers batting - Pitching for Dayton Dragons : RHP Angel Cerros
|
|
Batting: RHB J.D. Vander Klok
|
0-0: Ball 1-0: Called Strike 1-1: Ball 2-1: Ball 3-1: Foul Ball, location: 2F 3-2: Foul Ball, location: 2F 3-2: Foul Ball, location: 2F 3-2: Ground out 6-3 (Groundball, 6MS, EV 81.9 MPH)
|
|
Batting: RHB Jason Thrash
|
0-0: Called Strike 0-1: Ground out 4-3 (Groundball, 4, EV 78.8 MPH)
|
|
Batting: RHB Hiromitsu Yamada
|
0-0: SINGLE (Line Drive, 7S, EV 112.5 MPH)
|
|
Batting: RHB Wei-guo Tsu
|
0-0: Ball Hiromitsu Yamada steals 2nd base 1-0: Foul Ball, location: 2F 1-1: Ball 2-1: Ball 3-1: Fly out, F4 (Popup, 4, EV 54.4 MPH)
|
| Top of the 5th over - 0 runs, 1 hit, 0 errors, 1 left on base; Greensboro 1 - Dayton 0 |
| BOTTOM OF THE 5TH |
|
Dayton Dragons batting - Pitching for Greensboro Grasshoppers : RHP Alfonso Mier
|
|
Batting: SHB Tim Utz
|
0-0: Foul Ball, location: 2F 0-1: Swinging Strike 0-2: Ball 1-2: Strikes out swinging
|
|
Batting: RHB Frank Moron
|
0-0: Fly out, F8 (Flyball, 8RM, EV 76.9 MPH)
|
|
Batting: RHB Kevin Larner
|
0-0: Ball 1-0: Ball 2-0: Ball 3-0: Called Strike 3-1: Ground out 6-3 (Groundball, 6MS, EV 83.1 MPH)
|
| Bottom of the 5th over - 0 runs, 0 hits, 0 errors, 0 left on base; Greensboro 1 - Dayton 0 |
| TOP OF THE 6TH |
|
Greensboro Grasshoppers batting - Pitching for Dayton Dragons : RHP Angel Cerros
|
|
Batting: RHB Harrie de Kam
|
0-0: Ball 1-0: Swinging Strike 1-1: Swinging Strike 1-2: Ball 2-2: Foul Ball, location: 2F 2-2: Ball 3-2: Foul Ball, location: 2F 3-2: SINGLE (Groundball, 56D, EV 106.9 MPH)
|
|
Batting: RHB Andy Kelly
|
0-0: SINGLE (Groundball, 6MD, EV 106.9 MPH) Harrie de Kam to second
|
|
Batting: LHB Angelo Estrella
|
0-0: SINGLE (Groundball, 34D, EV 95.0 MPH) Harrie de Kam to third Andy Kelly to second
|
|
Batting: RHB Miguel Velasco
|
0-0: Ball Passed Ball! Harrie de Kam scores Andy Kelly to third Angelo Estrella to second 1-0: Called Strike 1-1: Ball 2-1: SINGLE (Groundball, 5L, EV 102.5 MPH) Andy Kelly scores Angelo Estrella to third Runner from 3rd tries for Home, SAFE, throw by LF to home
|
|
Batting: LHB Ryan Thompson
|
0-0: Called Strike 0-1: Ball Passed Ball! Miguel Velasco to second 1-1: Ground out 4-3 (Groundball, 4, EV 79.4 MPH) Miguel Velasco to third
|
|
Batting: RHB J.D. Vander Klok
|
0-0: Called Strike 0-1: Foul Ball, location: 2F 0-2: Fly out, F4 (Popup, 34, EV 63.1 MPH)
|
|
Batting: RHB Jason Thrash
|
0-0: Foul Ball, location: 2F 0-1: Ball 1-1: Ball 2-1: Called Strike 2-2: Ground out 6-3 (Groundball, 6, EV 85.6 MPH)
|
| Top of the 6th over - 3 runs, 4 hits, 0 errors, 1 left on base; Greensboro 4 - Dayton 0 |
| BOTTOM OF THE 6TH |
|
Dayton Dragons batting - Pitching for Greensboro Grasshoppers : RHP Alfonso Mier
|
|
Batting: RHB R.J. Romberg
|
0-0: Swinging Strike 0-1: DOUBLE (Line Drive, 9LS, EV 87.5 MPH)
|
|
Batting: RHB Cyd Carver
|
0-0: Called Strike 0-1: Ground out 5-3 (Groundball, 56, EV 109.4 MPH)
|
|
Batting: RHB Danny Real
|
0-0: Called Strike 0-1: Ground out 1-3 (Groundball, 34S, EV 66.2 MPH) R.J. Romberg to third
|
|
Batting: RHB Randy Grewe
|
0-0: Ball 1-0: Called Strike 1-1: Ball 2-1: SINGLE (Groundball, 34D, EV 103.1 MPH) R.J. Romberg scores
|
|
Batting: RHB Mark Williams
|
0-0: Called Strike 0-1: 2-RUN HOME RUN (Flyball, 78XD, EV 102.5 MPH), Distance : 386 ft
|
|
Batting: LHB Keith Egan
|
0-0: Called Strike 0-1: Ball 1-1: Ball 2-1: Foul Ball, location: 2F 2-2: Foul Ball, location: 2F 2-2: SINGLE (Groundball, 34D, EV 96.9 MPH)
|
|
Pitching: RHP Mike Yorke
|
|
|
Batting: SHB Tim Utz
|
0-0: Ball 1-0: Swinging Strike 1-1: Foul Ball, location: 2F 1-2: Ball 2-2: Strikes out swinging
|
| Bottom of the 6th over - 3 runs, 4 hits, 0 errors, 1 left on base; Greensboro 4 - Dayton 3 |
| TOP OF THE 7TH |
|
Greensboro Grasshoppers batting - Pitching for Dayton Dragons : RHP Angel Cerros
|
|
Pitching: LHP Davy Thorne
|
|
|
Batting: RHB Hiromitsu Yamada
|
0-0: Ball 1-0: Fly out, F7 (Flyball, 7LSF, EV 87.5 MPH)
|
|
Batting: RHB Wei-guo Tsu
|
0-0: Ball 1-0: Called Strike 1-1: Ball 2-1: Ground out U3 (Groundball, 3, EV 97.5 MPH)
|
|
Batting: RHB Harrie de Kam
|
0-0: Ball 1-0: Fly out, F8 (Line Drive, 89D, EV 91.2 MPH)
|
| Top of the 7th over - 0 runs, 0 hits, 0 errors, 0 left on base; Greensboro 4 - Dayton 3 |
| BOTTOM OF THE 7TH |
|
Dayton Dragons batting - Pitching for Greensboro Grasshoppers : RHP Mike Yorke
|
|
Batting: RHB Frank Moron
|
0-0: Fly out, F8 (Flyball, 8RM, EV 84.4 MPH)
|
|
Batting: RHB Kevin Larner
|
0-0: Ball 1-0: Ball 2-0: Ball 3-0: Called Strike 3-1: Base on Balls
|
|
Batting: RHB R.J. Romberg
|
0-0: Called Strike 0-1: Foul Ball, location: 2F 0-2: Ball 1-2: Ball 2-2: Ball 3-2: Foul Ball, location: 2F 3-2: Strikes out swinging
|
|
Pinch Hitting: LHB Fernando Gomez
|
0-0: Ball Kevin Larner steals 2nd base 1-0: Ball 2-0: Ball 3-0: Base on Balls
|
|
Batting: RHB Danny Real
|
0-0: Called Strike 0-1: Called Strike 0-2: Strikes out swinging
|
| Bottom of the 7th over - 0 runs, 0 hits, 0 errors, 2 left on base; Greensboro 4 - Dayton 3 |
| TOP OF THE 8TH |
|
Greensboro Grasshoppers batting - Pitching for Dayton Dragons : LHP Davy Thorne
|
|
Now at SS: Fernando Gomez
|
|
|
Batting: RHB Andy Kelly
|
0-0: Ball 1-0: Ball 2-0: Ball 3-0: Called Strike 3-1: Ground out 5-3 (Groundball, 56S, EV 75.0 MPH)
|
|
Batting: LHB Angelo Estrella
|
0-0: Called Strike 0-1: Ball 1-1: Ball 2-1: Ball 3-1: Called Strike 3-2: Foul Ball, location: 2F 3-2: Strikes out swinging
|
|
Batting: RHB Miguel Velasco
|
0-0: Ball 1-0: Called Strike 1-1: Swinging Strike 1-2: Strikes out swinging
|
| Top of the 8th over - 0 runs, 0 hits, 0 errors, 0 left on base; Greensboro 4 - Dayton 3 |
| BOTTOM OF THE 8TH |
|
Dayton Dragons batting - Pitching for Greensboro Grasshoppers : RHP Mike Yorke
|
|
Pitching: LHP Tyler Murders
|
|
|
Batting: RHB Randy Grewe
|
0-0: Called Strike 0-1: Foul Ball, location: 2F 0-2: Foul Ball, location: 2F 0-2: Strikes out swinging
|
|
Batting: RHB Mark Williams
|
0-0: Called Strike 0-1: Called Strike 0-2: Ground out 5-3 (Groundball, 5L, EV 101.2 MPH)
|
|
Batting: LHB Keith Egan
|
0-0: Ball 1-0: Called Strike 1-1: Ball 2-1: Ball 3-1: Swinging Strike 3-2: Strikes out swinging
|
| Bottom of the 8th over - 0 runs, 0 hits, 0 errors, 0 left on base; Greensboro 4 - Dayton 3 |
| TOP OF THE 9TH |
|
Greensboro Grasshoppers batting - Pitching for Dayton Dragons : LHP Davy Thorne
|
|
Pitching: RHP Juan Hernandez
|
|
|
Batting: LHB Ryan Thompson
|
0-0: Called Strike 0-1: Ball 1-1: Ball 2-1: Swinging Strike 2-2: Strikes out looking
|
|
Batting: RHB J.D. Vander Klok
|
0-0: Ball 1-0: Fly out, F8 (Flyball, 8LD, EV 98.1 MPH)
|
|
Batting: RHB Jason Thrash
|
0-0: Ball 1-0: Foul Ball, location: 2F 1-1: Swinging Strike 1-2: Strikes out swinging
|
| Top of the 9th over - 0 runs, 0 hits, 0 errors, 0 left on base; Greensboro 4 - Dayton 3 |
| BOTTOM OF THE 9TH |
|
Dayton Dragons batting - Pitching for Greensboro Grasshoppers : LHP Tyler Murders
|
|
Pitching: RHP Chris Forster
|
|
|
Now at 1B: Jason Thrash
|
|
|
Now at 2B: J.D. Vander Klok
|
|
|
Now at SS: Jeremy Dennis
|
|
|
Batting: SHB Tim Utz
|
0-0: Ball 1-0: Ball 2-0: Called Strike 2-1: Foul Ball, location: 2F 2-2: Foul Ball, location: 2F 2-2: Strikes out swinging
|
|
Batting: RHB Frank Moron
|
0-0: Called Strike 0-1: Ground out 4-3 (Groundball, 4, EV 83.8 MPH)
|
|
Batting: RHB Kevin Larner
|
0-0: Ground out 6-3 (Groundball, 6, EV 89.4 MPH)
|
| Bottom of the 9th over - 0 runs, 0 hits, 0 errors, 0 left on base; Greensboro 4 - Dayton 3 |
|